 Dungeon Crawl Stone Soup version 0.30-a0-358-g0d69a1922f (webtiles) character file.

Game seed: 7090009735128904214

128 RascalDebosk the Magician (level 5, -1/36 HPs)
             Began as a Djinni Air Elementalist on Nov 8, 2022.
             Killed by their own static electricity (3 damage)
             ... on level 3 of the Dungeon.
             The game lasted 00:16:37 (2118 turns).

RascalDebosk the Magician (Djinni Air Elementalist) Turns: 2118, Time: 00:16:37

Health: -1/36      AC:  2    Str:  7    XL:     5   Next: 34%
Gold:   126        EV: 12    Int: 19    God:
                   SH:  0    Dex: 13

rFire   + + .      SeeInvis .    c - +0 short sword
rCold   x . .      Faith    .    (no shield)
rNeg    . . .      Spirit   .    a - +0 robe
rPois   ∞          Reflect  .    (no helmet)
rElec   .          Harm     .    (no cloak)
rCorr   .          Rampage  .    (no gloves)
Will    .....                    (boots unavailable)
Stlth   ++........               (no amulet)
HPRegen 0.26/turn                (no ring)
MPRegen 0.00/turn                (no ring)

@: flying
A: sickness immunity, fire resistance 2, cold vulnerability 1, float, innate
caster, HP casting, extra vitality 1
a: no special abilities


You were on level 3 of the Dungeon.
You visited 1 branch of the dungeon, and saw 3 of its levels.

You collected 126 gold pieces.

Inventory:

Hand Weapons
 c - a +0 short sword (weapon)
Armour
 a - a +0 robe (worn)
Magical Staves
 e - a staff of conjuration
Wands
 g - a wand of digging (2)
Scrolls
 b - a scroll of identify {unknown}
 d - a scroll of teleportation {unknown}
 f - a scroll of blinking {unknown}
Potions
 h - 2 potions of degeneration {unknown}


   Skills:
 + Level 0.9 Fighting
 - Level 2.1 Dodging
 - Level 1.5 Stealth
 * Level 4.2 Spellcasting


You couldn't memorise any spells.
You knew the following spells:

 Your Spells              Type           Power      Damage    Failure   Level
a - Shock                 Conj/Air       80%        1d8       2%          1
b - Static Discharge      Conj/Air       40%        2-4/arc   3%          2
c - Swiftness             Air            20%        N/A       7%          3
d - Airstrike             Air            10%        2d(2-18)  22%         4
e - Foxfire               Conj/Fire      80%        2x1d8     2%          1
f - Scorch                Fire           40%        2d7       3%          2
Your spell library was empty.

Dungeon Overview and Level Annotations

Branches:
Dungeon (3/15)

Altars:
Yredelemnul

Annotations:
D:3 1 transporter, Menkaure


Innate Abilities, Weirdness & Mutations

You are immune to sickness and miasma.
You are immune to poison.
Your flesh is very heat resistant. (rF++)
You are vulnerable to cold. (rC-)
You float through the air rather than walking.
You learn spells naturally, not from books.
Your magical power is your life essence.
You have superior vitality. (+4 MHP)


Message History

The zap misses the frilled lizard.
Aiming: Shock (safe; 2% risk of failure)
Press: ? - help, Q - select action, (/) - cycle Shift-Dir - straight line, f/p - frilled lizard
Aim: a frilled lizard (53% to hit)
The zap misses the frilled lizard.
The frilled lizard bites you but does no damage.
Aiming: Shock (safe; 2% risk of failure)
Press: ? - help, Q - select action, (/) - cycle Shift-Dir - straight line, f/p - frilled lizard
Aim: a frilled lizard (53% to hit)
The zap hits the frilled lizard!
You kill the frilled lizard!
Found 2 viscous sapphire potions and 9 gold pieces.
There is an open door here.
Found a phantom mirror.
Found a weird jewelled staff.
Found 13 gold pieces and a club.
Found an ancient bone altar of Kikubaaqudgha.
Menkaure shouts!
Found a transporter.
Found 18 gold pieces.
Found a transporter.
There is a transporter here.
There is a transporter landing site here.
Menkaure hums, "Let me perform the rites..."
Menkaure breathes soot at you.
There is a transporter here.
You enter the transporter and appear at another place.
Casting: Shock (safe; 2% risk of failure)
Confirm with . or Enter, or press ? or * to list all spells.
Aiming: Shock (safe; 2% risk of failure)
Press: ? - help, Shift-Dir - straight line The zap hits Menkaure.
Menkaure is lightly damaged.
The zap hits the jackal skeleton.
The jackal skeleton is moderately damaged.
The zap hits the jackal skeleton.
The jackal skeleton is almost destroyed.
Casting: Shock (safe; 2% risk of failure)
Confirm with . or Enter, or press ? or * to list all spells.
Aiming: Shock (safe; 2% risk of failure)
Press: ? - help, Shift-Dir - straight line The zap hits the jackal zombie.
The jackal zombie is heavily damaged.
The zap hits Menkaure.
Menkaure is lightly damaged.
Menkaure calls on the powers of darkness!
Your body is wracked with pain!
Casting: Shock (safe; 2% risk of failure)
Confirm with . or Enter, or press ? or * to list all spells.
Aiming: Shock (safe; 2% risk of failure)
Press: ? - help, Shift-Dir - straight line The zap hits the jackal zombie!
You destroy the jackal zombie!
The zap hits Menkaure.
Menkaure is moderately damaged.
* * * LOW HITPOINT WARNING * * *
The adder skeleton misses you.
Menkaure calls on the powers of darkness!
Your body is wracked with pain!
* * * LOW HITPOINT WARNING * * *
The adder skeleton attacks as you move away!
The adder skeleton bites you.
* * * LOW HITPOINT WARNING * * *
The jackal skeleton attacks as you move away!
The jackal skeleton bites you.
* * * LOW HITPOINT WARNING * * *
The adder skeleton attacks as you move away!
The adder skeleton barely misses you.
The jackal skeleton bites you but does no damage.
You see here 2 viscous sapphire potions.
h - 2 viscous sapphire potions The adder skeleton barely misses you.
The jackal skeleton barely misses you.
The adder skeleton attacks as you move away!
The adder skeleton misses you.
Menkaure mumbles some strange words.
Menkaure seems to speed up.
The jackal skeleton barely misses you.
There is a basalt altar of Yredelemnul here.
The adder skeleton attacks as you move away!
The adder skeleton bites you.
* * * LOW HITPOINT WARNING * * *
The jackal skeleton attacks as you move away!
The jackal skeleton bites you but does no damage.
You see here 9 gold pieces.
Casting: Shock (safe; 2% risk of failure)
Confirm with . or Enter, or press ? or * to list all spells.
The adder skeleton is struck by an arc of lightning.
The adder skeleton is heavily damaged.
You are struck by an arc of lightning.
* * * LOW HITPOINT WARNING * * *
The lightning grounds out.
* * * LOW HITPOINT WARNING * * *
Menkaure grins.
The adder skeleton bites you but does no damage.
The jackal skeleton bites you.
* * * LOW HITPOINT WARNING * * *
Casting: Static Discharge (safe; 3% risk of failure)
Confirm with . or Enter, or press ? or * to list all spells.
The adder skeleton is struck by an arc of lightning.
The adder skeleton is almost destroyed.
You are struck by an arc of lightning.
You die...

#...............##
###...####.........#
.........'.........+
.##...####†........#
##...## ##.......#
#..#..#####.....#####
#.###.......©.......#
#..#..#############.#
.##....#.)$_|⌠.Z@}.#.#
.......#.......Z...#.#
####.#.#..##..M##..#.#
#.#.#..#8...8#..#.#
#.#.#..##...##..#.#
#.#.#.....©.....#.##
#...#..##...##..#..####.#
###.#..#8...8#..#.......#
#.#..##...##..#..######


You could see Menkaure (fast), an adder skeleton and a jackal skeleton.

Vanquished Creatures
  3 gnolls (D:2)
  6 adders (D:2)
  4 endoplasms
  3 giant cockroaches
  6 goblins
  3 hobgoblins (D:1)
  4 jackals (D:1)
  3 quokkas
  3 ball pythons
  3 bats
  4 frilled lizards
  A jackal zombie (D:3)
  3 kobolds
  A rat (D:1)
47 creatures vanquished.

Vanquished Creatures (others)
  A foxfire (D:2)
1 creature vanquished.

Grand Total: 48 creatures vanquished

Notes
Turn   | Place    | Note
-------+----------+-------------------------------------------
     0 | D:1      | RascalDebosk the Djinni Air Elementalist began the quest
                  | for the Orb.
     0 | D:1      | RascalDebosk set off with the following spells memorised:
                  | Shock, Static Discharge, Swiftness, Airstrike.
     0 | D:1      | Reached XP level 1. HP: 15/15 MP: 0/0
   183 | D:1      | Reached XP level 2. HP: 18/21 MP: 0/0
   417 | D:1      | Reached skill level 3 in Spellcasting
   657 | D:1      | Reached XP level 3. HP: 21/25 MP: 0/0
   657 | D:1      | Learned a level 1 spell: Foxfire
  1206 | D:2      | Reached XP level 4. HP: 20/31 MP: 0/0
  1253 | D:2      | Reached skill level 4 in Spellcasting
  1463 | D:2      | Reached XP level 5. HP: 31/35 MP: 0/0
  1463 | D:2      | Learned a level 2 spell: Scorch
  2012 | D:3      | Found a basalt altar of Yredelemnul.
  2020 | D:3      | Noticed Menkaure
  2036 | D:3      | Found a transporter.
  2047 | D:3      | Found a transporter.
  2118 | D:3      | Killed from afar by themself

Illustrated notes

Levels and vault maps discovered:
D:1:      shiori_arrival_oz, layout_loops_corners, minmay_misc_feat_plants,
          minmay_misc_feat_doors
D:2:      layout_basic, basic_altar
D:3:      layout_loops_corners, gammafunk_temple_of_torment,
          vehumet_altar_wand_db, mainiacjoe_overflow_24_doors, uniq_robin

Skill      XL: |  1  2  3  4 |
---------------+-------------+-----
Spellcasting   | 3 4 |  4.2
Fighting       | |  0.9
Dodging        | |  2.1
Stealth        | |  1.5

Action                   |  1- 3 |  4- 6 || total
-------------------------+-------+-------++-------
Melee: Short sword       |       |     4 ||     4
 Cast: Shock             |    62 |    42 ||   104
       Static Discharge  |     4 |     1 ||     5
       Foxfire           |     1 |       ||     1
Armor: Robe              |     3 |     4 ||     7
Dodge: Dodged            |    16 |     9 ||    25

Table legend: (Time is in decaauts)
 A = Elapsed time spent in this place.
 B = Non-inter-level travel time spent in this place.
 C = Inter-level travel time spent in this place.
 D = Time resting spent in this place.
 E = Time spent auto-exploring this place.
 F = Levels seen in this place.
 G = Mean time per level.
                   A        B        C        D        E       F      G
               +--------+--------+--------+--------+--------+-----+--------+
         Total |   2116 |   2041 |     75 |    184 |   1286 |   3 |  705.3 |
       Dungeon |   2116 |   2041 |     75 |    184 |   1286 |   3 |  705.3 |
               +--------+--------+--------+--------+--------+-----+--------+

Top non-repeatable levels by time:
     D:1: 1039 daAuts
     D:2: 957 daAuts
     D:3: 119 daAuts
